AoeStats
← andrea90d23

Arabia

510210175Analyzed
1v1 RM · 12h ago on Sep 30, 2026· 44m 29s· 2 players
Game mode
Random Map
Map size
Tiny (2 player)
Population
200
Speed
Normal
Resources
Standard
Victory
Conquest
Starting age
Dark Age
Ending age
Imperial Age
RankedLock teamsTeams togetherTeam positionsShared explorationLock speedFull tech treeHidden civsTurbo modeCheats
Victory
Defeat
🇦🇷 Cumans · Argentina
1194
+15
🇺🇸 Georgians · United States
1162
-15
real_Eli_Manning
6:29 Loom
8:49 Feudal Age
20:08 Castle Age
17:55 Double-Bit Axe
17:51 Horse Collar
19:07 Fletching
19:30 Bloodlines
22:13 Husbandry
22:16 Bodkin Arrow
25:32 Scale Barding Armor
25:37 Forging
27:34 Wheelbarrow
30:39 Chain Barding Armor
38:20 Imperial Age
39:05 Svan Towers
39:28 Light Cavalry
42:11 Redemption
41:51 Pikeman
43:04 Hand Cart
43:02 Bow Saw
42:54 Heavy Plow
andrea90d23
5:44 Loom
9:50 Feudal Age
10:16 Double-Bit Axe
10:17 Horse Collar
22:11 Castle Age
20:51 Scale Barding Armor
21:06 Forging
21:36 Bloodlines
22:32 Wheelbarrow
24:16 Light Cavalry
25:43 Town Watch
30:28 Iron Casting
30:14 Chain Barding Armor
31:58 Hand Cart
33:32 Steppe Husbandry
33:34 Fletching
33:46 Padded Archer Armor
35:27 Town Patrol
36:04 Heavy Plow
36:17 Bow Saw
36:08 Bodkin Arrow
41:29 Imperial Age
43:12 Blast Furnace
42:16 Stone Mining
42:16 Gold Mining
43:00 Crop Rotation
43:55 Plate Barding Armor
42:44 Hussar
Connection lost

Rejoining the realm…

Still unreachable

The connection could not be restored.

Session expired

The server has moved on; the page needs a fresh start.